 Dungeon Crawl Stone Soup version 0.23.2-33-g5129a83184 (webtiles) character file.

Game seed: 15980700004873013599

1727 t4s4d4r the Geomancer (level 9, 0/54 HPs)
             Began as a Gargoyle Earth Elementalist on June 30, 2019.
             Was an Initiate of Makhleb.
             Shot with a sling bullet by Joseph (7 damage)
             ... on level 8 of the Dungeon.
             The game lasted 00:10:22 (8055 turns).

t4s4d4r the Geomancer (Gargoyle Earth Elementalist) Turns: 8055, Time: 00:10:23

Health: 0/54       AC: 11    Str: 11    XL:     9   Next: 5%
Magic:  5/12       EV: 12    Int: 20    God:    Makhleb [......]
Gold:   463        SH:  0    Dex: 10    Spells: 5/14 levels left

rFire    . . .     SeeInvis +   a - +1 morningstar (protect)
rCold    . . .     Gourm    .   (no shield)
rNeg     + . .     Faith    .   p - +2 animal skin
rPois    ∞         Spirit   .   o - +0 helmet
rElec    +         Reflect  .   (no cloak)
rCorr    .         Harm     .   (no gloves)
MR       .....                  (no boots)
Stlth    ++........             c - amulet of magic regeneration
HPRegen  0.18/turn              n - ring of see invisible
MPRegen  0.38/turn              h - ring of wizardry

@: no status effects
A: low mp 1, negative energy resistance 1, electricity resistance, unbreathing,
petrification resistance, rot immunity, AC +6
a: Renounce Religion


You were on level 8 of the Dungeon.
You worshipped Makhleb.
Makhleb was noncommittal.
You were not hungry.

You visited 2 branches of the dungeon, and saw 9 of its levels.

You collected 463 gold pieces.

Inventory:

Hand Weapons
 a - a +1 morningstar of protection (weapon)
Missiles
 b - 90 stones (quivered)
Armour
 o - a +0 helmet (worn)
 p - a +2 animal skin (worn)
Jewellery
 c - an amulet of magic regeneration (around neck)
 g - an uncursed ring of fire
 h - a ring of wizardry (right hand)
 n - a ring of see invisible (left hand)
 w - the ring "Qudd" {*Contam EV+1 Str+10}
   (You found it on level 5 of the Dungeon)

   [ring of evasion]

   It affects your evasion (+1).
   It affects your strength (+10).
   It causes magical contamination when unequipped.
 y - an uncursed amulet of faith {unknown}
 B - a cursed ring of attention {unknown}
 D - an uncursed ring of ice {unknown}
Wands
 z - a wand of polymorph (7)
 A - a wand of flame (21)
Scrolls
 i - 3 scrolls of amnesia
 j - 4 scrolls of teleportation
 k - 5 scrolls of remove curse
 q - a scroll of magic mapping {unknown}
 r - 2 scrolls of fear {unknown}
 s - 4 scrolls of identify
 x - 2 scrolls of enchant weapon {unknown}
 C - a scroll of summoning {unknown}
 E - 2 scrolls of immolation {unknown}
Potions
 e - a potion of brilliance {unknown}
 f - 4 potions of curing
 l - a potion of agility {unknown}
 m - 2 potions of flight
 t - 3 potions of mutation {unknown}
 u - a potion of cancellation {unknown}
 v - a potion of heal wounds {unknown}
Comestibles
 d - 7 rations


   Skills:
 + Level 5.5 Fighting
 - Level 1.5 Dodging
 - Level 2.1 Stealth
 - Level 3.4 Spellcasting
 - Level 3.2 Conjurations
   Level 0.7 Transmutations
 - Level 11.1 Earth Magic


You had 5 spell levels left.
You knew the following spells:

 Your Spells              Type           Power        Failure   Level  Hunger
a - Sandblast             Erth           #####.       1%          1    None
b - Stone Arrow           Conj/Erth      ####..       1%          3    ###....
c - Lee's Rapid Deconstr  Erth           #####.....   1%          5    ######.

Your spell library contained the following spells:

 Spells                   Type           Power        Failure   Level  Hunger
 Passwall                 Tmut/Erth      ####....     1%          2    ##.....
 Petrify                  Tmut/Erth      ####....     4%          4    ####...


Dungeon Overview and Level Annotations

Branches:
Dungeon (8/15)             Temple (1/1) D:4
   Lair: D:8-11

Altars:
Ashenzari
Cheibriados
Dithmenos
Elyvilon
Fedhas
Gozag
Hepliaklqana
Kikubaaqudgha
Makhleb
Nemelex Xobeh
Okawaru
Qazlal
Ru
Sif Muna
Trog
Uskayaw
Vehumet
Wu Jian
Xom
Yredelemnul
Zin
The Shining One

Shops:
D:4 =

Annotations:
D:5 2 transporters, Frank's ghost, novice OpFi
D:8 Joseph


Innate Abilities, Weirdness & Mutations

You are resistant to torment.
Your stone body is resilient. (AC +6)
You are immune to poison.
You resist negative energy. (rN+)
You are resistant to electric shocks. (rElec)
You can survive without breathing.
You are immune to petrification.
You are immune to rotting.
Your magical capacity is low. (-10% MP)


Message History

A rock wall.
The wall shatters!
The blast of rock fragments hits Joseph.
Joseph is moderately wounded.
Joseph shoots a sling bullet.
The sling bullet hits you!!
* * * LOW HITPOINT WARNING * * *
Unknown command.
You hear a zap.
Some rock shatters into small pieces.
Joseph shoots a sling bullet.
The sling bullet hits you.
* * * LOW HITPOINT WARNING * * *
You see here a sling bullet.
Found a stone staircase leading up.
You hear a zap.
You hear a grinding noise.
Found a leather armour.
Joseph shoots a sling bullet.
The sling bullet hits you.
* * * LOW HITPOINT WARNING * * *
You see here a sling bullet.
Joseph shoots a sling bullet.
The sling bullet hits you!
You die...

##########
###.....%..#
#.......(..#
#@.........#
#..........#
###.#.##(.####
##...#.....##
####...[(......##
.......@........####.
....<........<.......
...[.........†......#
...#.................
.. ##...#..(.........
# ###.###....#..##.
#.. #.....#... ##.
#..... ###. ##....#


You could see Joseph.

Vanquished Creatures
  A hippogriff (D:5)
  A water moccasin (D:8)
  2 ice beasts
  2 ogres (D:6)
  2 centaurs
  2 bullfrogs (D:6)
  A scorpion (D:6)
  A bullfrog zombie (D:6)
  2 crimson imps
  2 hounds
  A centaur zombie (D:6)
  A bullfrog skeleton (D:2)
  An orc priest (D:6)
  2 orc wizards
  2 centaur skeletons
  3 iguanas
  2 worker ants
  Robin (D:2)
  A worker ant zombie (D:6)
  3 gnolls (D:6)
  7 adders
  A shadow imp (D:5)
  An ooze (D:7)
  3 adder skeletons
  5 worms
  4 leopard geckos
  15 orcs
  A ball python (D:4)
  9 bats
  3 giant cockroaches
  11 hobgoblins
  6 jackals
  4 quokkas
  7 frilled lizards
  A giant cockroach zombie (D:6)
  18 goblins
  11 kobolds
  A leopard gecko skeleton (D:4)
  2 quokka skeletons
  2 quokka zombies (D:6)
  7 rats
152 creatures vanquished.

Notes
Turn   | Place    | Note
-------+----------+-------------------------------------------
     0 | D:1      | t4s4d4r the Gargoyle Earth Elementalist began the quest for
                  | the Orb.
     0 | D:1      | Reached XP level 1. HP: 10/10 MP: 3/3
   398 | D:1      | Reached XP level 2. HP: 8/15 MP: 2/5
  1031 | D:1      | Reached XP level 3. HP: 14/19 MP: 7/7
  2053 | D:2      | Noticed Robin
  2082 | D:2      | Reached skill level 4 in Earth Magic
  2158 | D:2      | Killed Robin
  2158 | D:2      | Reached XP level 4. HP: 12/24 MP: 0/9
  2381 | D:2      | Reached skill level 5 in Earth Magic
  2480 | D:2      | Learned a level 3 spell: Stone Arrow
  2564 | D:2      | Reached XP level 5. HP: 22/28 MP: 5/10
  3053 | D:3      | Reached skill level 1 in Conjurations
  3260 | D:3      | Found a faded altar of an unknown god.
  3944 | D:3      | Reached skill level 6 in Earth Magic
  4238 | D:4      | Reached XP level 6. HP: 32/32 MP: 7/11
  4292 | D:4      | Found Qioss's Jewellery Shop.
  4311 | D:4      | Learned a level 5 spell: Lee's Rapid Deconstruction
  4322 | D:4      | Found a staircase to the Ecumenical Temple.
  4373 | Temple   | Entered the Ecumenical Temple
  4745 | D:4      | Reached skill level 1 in Fighting
  5418 | D:5      | Entered Level 5 of the Dungeon
  5789 | D:5      | Found a transporter.
  5789 | D:5      | Noticed Frank's ghost (novice OpFi)
  5792 | D:5      | Got a wavering granite ring
  5803 | D:5      | Identified the ring "Qudd" {*Contam EV+1 Str+10} (You found
                  | it on level 5 of the Dungeon)
  5820 | D:5      | Gained mutation: Your magical capacity is low. (-10% MP)
                  | [mutagenic glow]
  5879 | D:5      | Reached XP level 7. HP: 17/44 MP: 7/10
  6179 | D:5      | Found a transporter.
  6301 | D:5      | Noticed a hippogriff
  6308 | D:5      | Killed a hippogriff
  6308 | D:5      | Reached skill level 7 in Earth Magic
  6598 | D:6      | Reached skill level 8 in Earth Magic
  6598 | D:6      | Reached XP level 8. HP: 48/48 MP: 8/11
  6687 | D:6      | Reached skill level 9 in Earth Magic
  6842 | D:6      | Reached skill level 10 in Earth Magic
  7344 | D:7      | Found a shattered altar of Ashenzari.
  7455 | D:7      | Reached skill level 11 in Earth Magic
  7731 | D:7      | Found a deep blue altar of Sif Muna.
  7733 | D:7      | Found a burning altar of Makhleb.
  7738 | D:7      | Found a shattered altar of Ashenzari.
  7738 | D:7      | Found a white marble altar of Elyvilon.
  7742 | D:7      | Became a worshipper of Makhleb the Destroyer
  7745 | D:7      | Found a snail-covered altar of Cheibriados.
  7748 | D:7      | Found a sparkling altar of Nemelex Xobeh.
  7750 | D:7      | Found a stormy altar of Qazlal.
  7996 | D:8      | Reached skill level 5 in Fighting
  7996 | D:8      | Reached XP level 9. HP: 47/54 MP: 1/12
  8042 | D:8      | Noticed Joseph
  8055 | D:8      | Shot with a sling bullet by Joseph

Skill      XL: |  1  2  3  4  5  6  7  8 |
---------------+-------------------------+-----
Spellcasting   | 3 |  3.4
Earth Magic    | 4 5 6 8 11 | 11.1
Conjurations   | 2 3 |  3.2
Fighting       | 4 5 |  5.5
Dodging        | |  1.5
Stealth        | |  2.1
Transmutations | |  0.7

Action                   |  1- 3 |  4- 6 |  7- 9 || total
-------------------------+-------+-------+-------++-------
Melee: Unarmed           |    41 |       |       ||    41
       Club              |    94 |    78 |       ||   172
       Morningstar       |       |   189 |   115 ||   304
 Cast: Sandblast         |    29 |    37 |    25 ||    91
       Stone Arrow       |       |       |    12 ||    12
       Lee's Rapid Decon |       |       |     4 ||     4
  Use: Scroll            |       |     7 |       ||     7
 Stab: Sleeping          |     3 |     4 |     1 ||     8
  Eat: Chunk             |     4 |    12 |     8 ||    24
       Ration            |       |       |     1 ||     1
Armor: Robe              |    61 |       |       ||    61
       Animal skin       |       |   166 |    81 ||   247
Dodge: Dodged            |   131 |   246 |   128 ||   505
